 Dungeon Crawl Stone Soup version 0.22.1-2-g9c5b331 (webtiles) character file.

4197 HoaS the Fighter (level 10, -4/102 HPs)
             Began as a Gargoyle Berserker on Dec 24, 2018.
             Was a High Priest of Trog.
             Slain by a killer bee (6 damage)
             ... on level 8 of the Dungeon.
             The game lasted 00:23:57 (7358 turns).

HoaS the Fighter (Gargoyle Berserker)               Turns: 7358, Time: 00:23:58

Health: -4/102     AC: 22    Str: 27    XL:     10   Next: 29%
Magic:  10/10      EV: 11    Int:  7    God:    Trog [*****.]
Gold:   334        SH:  0    Dex: 14    Spells: 9/9 levels left

rFire    . . .     SeeInvis .     - Unarmed
rCold    . . .     Gourm    .   (no shield)
rNeg     + . .     Faith    .   w - +1 ring mail "Akhlaq Ravyq" {MR+ Dex+2}
rPois    ∞         Spirit   .   r - +0 helmet
rElec    +         Reflect  .   u - +1 cloak {MR+}
rCorr    .         Harm     .   s - +2 pair of gloves
MR       ++...                  t - +0 pair of boots
Stlth    ..........             (no amulet)
HPRegen  0.27/turn              o - ring of stealth
MPRegen  0.12/turn              (no ring)

@: berserking, very quick
A: negative energy resistance 1, electricity resistance, unbreathing,
petrification resistance, rot immunity, AC +7
a: Berserk, Trog's Hand, Brothers in Arms, Renounce Religion


You were on level 8 of the Dungeon.
You worshipped Trog.
Trog was extremely pleased with you.
You were not hungry.

You visited 1 branch of the dungeon, and saw 8 of its levels.
You also visited: Ossuary.

You collected 334 gold pieces.

Inventory:

Armour
 r - a +0 helmet (worn)
 s - a +2 pair of gloves (worn)
 t - a +0 pair of boots (worn)
 u - a +1 cloak of magic resistance (worn)
 w - the +1 ring mail "Akhlaq Ravyq" (worn) {MR+ Dex+2}
   (You found it on level 8 of the Dungeon)

   It affects your dexterity (+2).
   It affects your resistance to hostile enchantments.
Jewellery
 o - a ring of stealth (left hand)
 v - an uncursed ring of fire
Wands
 a - a wand of digging (14)
Scrolls
 d - a scroll of acquirement {unknown}
 j - 2 scrolls of blinking
 m - 3 scrolls of remove curse
 n - a scroll of fog
Potions
 c - 7 potions of curing
 e - a potion of agility
 f - a potion of mutation {unknown}
 g - 3 potions of haste
 h - 3 potions of degeneration {unknown}
 i - a potion of ambrosia {unknown}
 k - 2 potions of brilliance {unknown}
 l - a potion of cancellation {unknown}
 q - a potion of might {unknown}
 x - a potion of berserk rage {unknown}
 z - a potion of lignification {unknown}
Comestibles
 b - 9 rations


   Skills:
 * Level 10.4 Fighting
 + Level 6.8 Armour
 - Level 1.5 Dodging
 * Level 10.3 Unarmed Combat


You had 9 spell levels left.
You didn't know any spells.
Your spell library was empty.

Dungeon Overview and Level Annotations

Branches:
Dungeon (8/15)             Temple (0/1) D:7
   Lair: D:8-11

Altars:
Wu Jian
The Shining One

Annotations:
D:8 3 runed doors, Philosophy's ghost, novice TrHu


Innate Abilities, Weirdness & Mutations

You are resistant to torment.
Your stone body is resilient. (AC +7)
You are immune to poison.
You resist negative energy. (rN+)
You are resistant to electric shocks. (rElec)
You can survive without breathing.
You are immune to petrification.
You are immune to rotting.


Message History

The killer bee stings you but does no damage.
The killer bee misses you. The killer bee stings you.
* * * LOW HITPOINT WARNING * * *
You are too injured to fight recklessly!
You are too injured to fight recklessly!
You are too injured to fight recklessly!
You are too injured to fight recklessly!
You miss the killer bee.
The killer bee stings you but does no damage.
You closely miss the killer bee. Your punch misses the killer bee.
The killer bee stings you.
* * * LOW HITPOINT WARNING * * *
The killer bee barely misses you. x2; The killer bee closely misses you.
The killer bee misses you.
You miss the killer bee. The killer bee completely misses you.
You punch the killer bee!
The killer bee is heavily wounded.
The killer bee stings you but does no damage.
The killer bee closely misses you. The killer bee stings you.
You die...

#.....# #...)...# #.....#
#.....# ## #.....# #.....# #.#
####.....#####....# #h#
#.................# #y#
#.##..............# #y#
#.(.(.............###.#
#(.######.....###..#.#
#..#....#.##+##@yh..# #y#.....
#..#..###.....#yy....####...$...
##.#.........###+...............
#.#..###.#### ...##...#........
#.#....#... #.?.. ...+........
#.######.....#....+...#........
#........#..##+########........
###......####...............###
#####......# #...............#..


You could see a hound and 3 killer bees.

Vanquished Creatures
  Harold (D:7)
  A queen bee (D:8)
  Grinder (D:4)
  Menkaure (D:6)
  4 phantoms
  3 orc warriors
  An ice beast (D:7)
  An ogre (D:7)
  A centaur (D:5)
  2 big kobolds
  The ghost of lysyklops the Magician, an amateur DEAE (D:3)
  3 bullfrogs
  7 killer bees (D:8)
  A howler monkey (D:6)
  2 crimson imps
  A hound (D:4)
  3 orc priests
  Crazy Yiuf (D:7)
  18 orc wizards
  A quasit (D:5)
  Jessica (D:3)
  A centaur skeleton (D:5)
  Natasha (D:3)
  2 iguanas
  2 worker ants
  A killer bee zombie (D:6)
  4 mummies (Ossuary)
  A howler monkey zombie (D:5)
  Robin (D:2)
  7 gnolls
  6 adders
  A river rat (D:3)
  2 shadow imps
  An adder skeleton (D:4)
  An adder zombie (D:5)
  3 worms
  A dart slug (D:4)
  6 leopard geckos
  25 orcs
  11 giant cockroaches
  14 goblins
  A hobgoblin (D:2)
  5 jackals
  3 quokkas
  8 bats
  12 frilled lizards
  3 gnoll skeletons (Ossuary)
  6 gnoll zombies (Ossuary)
  2 goblin skeletons (Ossuary)
  2 hobgoblin zombies (Ossuary)
  11 kobolds
  A kobold skeleton (Ossuary)
  3 kobold zombies (Ossuary)
  A leopard gecko zombie (D:7)
  3 orc skeletons (Ossuary)
  4 orc zombies (Ossuary)
  A quokka zombie (D:8)
  6 rats
  4 rat skeletons (Ossuary)
  4 rat zombies
  A fungus (D:7)
227 creatures vanquished.

Vanquished Creatures (others)
  An orc wizard (D:6)
  A gnoll zombie (Ossuary)
  2 goblin skeletons (Ossuary)
  3 hobgoblin skeletons (Ossuary)
  A hobgoblin zombie (Ossuary)
  2 kobold skeletons (Ossuary)
  A kobold zombie (Ossuary)
  An orc skeleton (Ossuary)
  2 orc zombies (Ossuary)
  4 rat skeletons (Ossuary)
  2 rat zombies (Ossuary)
20 creatures vanquished.

Grand Total: 247 creatures vanquished

Notes
Turn   | Place    | Note
-------+----------+-------------------------------------------
     0 | D:1      | HoaS the Gargoyle Berserker began the quest for the Orb.
     0 | D:1      | Reached XP level 1. HP: 14/14 MP: 1/1
   163 | D:1      | Reached XP level 2. HP: 19/19 MP: 2/2
   637 | D:2      | Found a glowing golden altar of the Shining One.
   703 | D:2      | Found an ornate altar of the Wu Jian Council.
   809 | D:2      | Noticed Robin
   867 | D:2      | Killed Robin
   867 | D:2      | Reached XP level 3. HP: 20/24 MP: 3/3
  1122 | D:2      | Reached XP level 4. HP: 23/30 MP: 4/4
  1156 | D:2      | Noticed a phantom
  1297 | D:2      | Killed a phantom
  1297 | D:2      | Reached skill level 5 in Fighting
  1297 | D:2      | Reached XP level 5. HP: 14/35 MP: 5/5
  1543 | D:2      | Reached ** piety under Trog
  1951 | D:3      | Reached skill level 5 in Unarmed Combat
  2014 | D:3      | Noticed Jessica
  2024 | D:3      | Killed Jessica
  2024 | D:3      | Reached XP level 6. HP: 40/40 MP: 6/6
  2106 | D:3      | Found a runed door.
  2106 | D:3      | Noticed lysyklops's ghost (amateur DEAE)
  2127 | D:3      | Killed lysyklops's ghost
  2229 | D:3      | Found a runed door.
  2282 | D:3      | Noticed Natasha
  2291 | D:3      | Killed Natasha
  2745 | D:4      | Reached *** piety under Trog
  2868 | D:4      | Noticed Grinder
  2871 | D:4      | Reached XP level 7. HP: 44/44 MP: 7/7
  2885 | D:4      | Killed Grinder
  3500 | D:5      | Entered Level 5 of the Dungeon
  3560 | D:5      | Reached XP level 8. HP: 52/52 MP: 8/8
  4311 | D:6      | Noticed Menkaure
  4322 | D:6      | Killed Menkaure
  4546 | D:6      | Reached **** piety under Trog
  4569 | D:6      | Reached XP level 9. HP: 51/59 MP: 9/9
  4628 | D:6      | Reached skill level 5 in Armour
  5620 | D:7      | Noticed Harold
  5646 | D:7      | Killed Harold
  6225 | D:7      | Found a staircase to the Ecumenical Temple.
  6367 | D:7      | Found a runed door.
  6371 | D:7      | Noticed Crazy Yiuf
  6374 | D:7      | Killed Crazy Yiuf
  6374 | D:7      | Reached XP level 10. HP: 68/68 MP: 10/10
  6456 | D:8      | Got a faintly glowing ring mail
  6467 | D:8      | Identified the +1 ring mail "Akhlaq Ravyq" {MR+ Dex+2} (You
                  | found it on level 8 of the Dungeon)
  6491 | D:8      | Reached skill level 10 in Fighting
  6605 | D:8      | Reached skill level 10 in Unarmed Combat
  6698 | D:8      | Found a runed gate.
  6699 | D:8      | Found a runed gate.
  6699 | D:8      | Noticed Philosophy's ghost (novice TrHu)
  6700 | D:8      | Found a runed gate.
  6850 | D:8      | Found a sand-covered staircase.
  6858 | Ossuary  | Entered an ossuary
  6870 | Ossuary  | Received a gift from Trog
  6959 | Ossuary  | Reached ***** piety under Trog
  7356 | D:8      | HP: 1/102 [killer bee (6)]
  7358 | D:8      | Slain by a killer bee

Skill      XL: |  1  2  3  4  5  6  7  8  9 10 |
---------------+-------------------------------+-----
Fighting       | 4 5 6 8 9 10 | 10.4
Unarmed Combat | 4 5 6 7 8 9 10 | 10.3
Armour         | 3 4 6 |  6.8
Dodging        | |  1.5

Action                   |  1- 3 |  4- 6 |  7- 9 | 10-12 || total
-------------------------+-------+-------+-------+-------++-------
Melee: Unarmed           |   119 |   231 |   391 |   190 ||   931
       Punch             |     1 |     5 |    19 |     6 ||    31
Invok: Trog's Hand       |       |     3 |     5 |     1 ||     9
       Berserk           |       |     1 |     3 |     1 ||     5
  Use: Scroll            |     4 |     3 |     4 |     3 ||    14
       Potion            |       |       |       |     1 ||     1
 Stab: Sleeping          |       |       |     1 |     2 ||     3
  Eat: Chunk             |     1 |     8 |    16 |     2 ||    27
       Ration            |       |       |       |     1 ||     1
Armor: Animal skin       |     6 |       |       |       ||     6
       Leather armour    |     8 |       |       |       ||     8
       Ring mail         |    31 |    97 |    54 |    96 ||   278
       Scale mail        |       |       |   109 |       ||   109
       Chain mail        |       |       |       |     1 ||     1
Dodge: Dodged            |    70 |   110 |   163 |   103 ||   446
